 Dungeon Crawl Stone Soup version 0.27-a0-1280-g9d2d252d84 (webtiles) character file.

Game seed: 12955666737494353494

494 MordorOrchid the Skirmisher (level 7, -2/53 HPs)
             Began as a Djinni Chaos Knight on June 13, 2021.
             Was a Plaything of Xom.
             Shot with an arrow by a centaur (5 damage)
             ... on level 5 of the Dungeon.
             The game lasted 00:13:43 (4165 turns).

MordorOrchid the Skirmisher (Djinni Chaos Knight)   Turns: 4165, Time: 00:13:44

Health: -2/53      AC:  6    Str: 11    XL:     7   Next: 38%
Gold:   60         EV: 12    Int: 15    God:    Xom [*.....] SH:  9 Dex: 13

rFire    + + .     SeeInvis .   a - +0 short sword (chaos)
rCold    x . .     Faith    .   i - +0 buckler
rNeg     . . .     Spirit   .   b - +2 leather armour
rPois    ∞         Reflect  +   o - +0 helmet
rElec    .         Harm     .   (no cloak)
rCorr    .         Rampage  .   (no gloves)
Will     .....                  (boots unavailable)
Stlth    ++........             s - amulet of reflection
HPRegen  0.17/turn              (no ring)
MPRegen  0.00/turn              (no ring)

@: attractive, flying, hasted, very quick
A: sickness immunity, fire resistance 2, cold vulnerability 1, float, innate
caster, hp casting, extra vitality 1, passive freeze, evolution 1
a: Renounce Religion


You were on level 5 of the Dungeon.
You worshipped Xom.
You were a special plaything of Xom.
You visited 2 branches of the dungeon, and saw 6 of its levels.

You collected 60 gold pieces.

Inventory:

Hand Weapons
 a - a +0 short sword of chaos (weapon)
 e - a +3 dagger
 y - a +2 dagger of freezing
Missiles
 d - 3 boomerangs
 j - 15 poisoned darts (quivered)
 m - 79 stones
 n - 6 javelins
 p - 25 sling bullets
Armour
 b - a +2 leather armour (worn)
 i - a +0 buckler (worn)
 k - a scarf of harm
 o - a +0 helmet (worn)
Jewellery
 s - an amulet of reflection (around neck)
Scrolls
 c - a scroll of teleportation
 g - a scroll of brand weapon {unknown}
 r - a scroll of vulnerability {unknown}
Potions
 h - a potion of mutation


   Skills:
 + Level 4.7 Fighting
 + Level 3.3 Short Blades
 - Level 1.0 Armour
 * Level 4.4 Dodging
 * Level 2.4 Stealth
 * Level 1.5 Shields
 * Level 1.9 Spellcasting


You had 3 spell levels left.
You knew the following spells:

 Your Spells              Type           Power      Damage    Failure   Level
a - Summon Small Mammal   Summ           28%        N/A       19%         1
b - Dazzling Flash        Conj/Hex       14%        N/A       50%         3
w - Passwall              Tmut/Erth      5%         N/A       28%         2
Your spell library was empty.

Dungeon Overview and Level Annotations

Branches:
Dungeon (5/15)             Temple (1/1) D:4

Altars:
Ashenzari
Cheibriados
Dithmenos
Elyvilon
Fedhas
Hepliaklqana
Makhleb
Nemelex Xobeh
Okawaru
Ru
Sif Muna
Wu Jian
Xom
Zin
Jiyva

Annotations:
D:3 exclusion: door


Innate Abilities, Weirdness & Mutations

You are immune to sickness and miasma.
You are immune to poison.
Your flesh is very heat resistant. (rF++)
You are vulnerable to cold. (rC-)
You float through the air rather than walking.
You learn spells naturally, not from books.
Your magical power is your life essence.
You have superior vitality. (+4 HP)
A frigid envelope surrounds you and freezes all who hurt you.
You evolve.


Message History

It was a potion of attraction.
You feel attractive to monsters. The gnoll is pulled toward you!
The centaur is pulled toward you! The gnoll is pulled toward you!
It was a potion of curing.
You feel better.
The centaur shoots an arrow.
You reflect the arrow off an invisible shield around you!
The arrow hits the centaur!
The gnoll misses you.
The centaur shoots an arrow.
The arrow hits you!
* * * LOW HITPOINT WARNING * * *
The centaur is pulled toward you!
Unknown command.
Your surroundings suddenly seem different.
A white imp comes into view.
The white imp shouts!
An orc priest comes into view. It is wielding a +0 trident.
The orc priest shouts!
An orc comes into view. It is wielding a +0 dagger.
The orc is pulled toward you! x2; The white imp is pulled toward you!
The orc is pulled toward you! The orc priest is pulled toward you!
The centaur is pulled toward you! The orc is pulled toward you!
Found a scroll labelled MOBINY SIRARE and a runed hat.
Found four altars. 3 orcs and a centaur come into view.
Okay, then.
The centaur shouts!
The orc shouts!
The white imp laughs crazily.
The orc moves out of view.
The orc is pulled toward you! x3
The centaur is pulled toward you! The orc priest is pulled toward you!
Found 10 gold pieces.
The centaur wields a +0 shortbow.
The centaur shoots an arrow.
The arrow misses you. The white imp is pulled toward you!
The orc is pulled toward you! The centaur is pulled toward you!
The orc is pulled toward you! The orc priest is pulled toward you!
The white imp is pulled toward you! The centaur is pulled toward you!
The orc priest is pulled toward you! The centaur is pulled toward you!
The orc is pulled toward you! x2
Found 23 stones.
The centaur shoots an arrow.
The arrow hits you.
You die...
Xom laughs nastily!

....... .#..#
#. # ._..._.
....# # #
.......#.#..#
.
#...$#o.#..#
.
#..ooo..?###+
.
##.#o#......(
#.c5#.......
##..........
#.@##......
#.....[....
#...#....##
#.... ..##
#...## .#
#..## .. #.##
. ..


You could see a centaur, an orc priest, a white imp and 4 orcs.

Vanquished Creatures
  A black bear (D:5)
  An ogre (D:4)
  A bullfrog (D:5)
  A centaur skeleton (D:4)
  An orc priest (D:5)
  2 orc wizards (D:3)
  5 adders
  2 adder skeletons (D:4)
  2 worms (D:2)
  A dart slug (D:3)
  9 orcs (D:3)
  3 bats (D:1)
  7 endoplasms
  3 giant cockroaches
  3 hobgoblins
  5 kobolds
  5 ball pythons
  A frilled lizard (D:1)
  6 goblins
  9 rats
68 creatures vanquished.

Vanquished Creatures (others)
  An orc wizard (D:3)
  2 jackals (D:1)
3 creatures vanquished.

Grand Total: 71 creatures vanquished

Notes
Turn   | Place    | Note
-------+----------+-------------------------------------------
     0 | D:1      | MordorOrchid the Djinni Chaos Knight began the quest for
                  | the Orb.
     0 | D:1      | Reached XP level 1. HP: 20/20 MP: 0/0
   160 | D:1      | Reached XP level 2. HP: 21/25 MP: 0/0
   182 | D:1      | XOM is BORED!
   182 | D:1      | XOM: silly message
   348 | D:1      | XOM: noise
   351 | D:1      | XOM: destruction
   465 | D:1      | Reached XP level 3. HP: 30/30 MP: 0/0
   465 | D:1      | Learned a level 1 spell: Summon Small Mammal
   555 | D:1      | Found a faded altar of an unknown god.
   595 | D:2      | XOM: 8-stop teleportation journey
   670 | D:2      | Reached skill level 1 in Stealth
   876 | D:2      | Reached XP level 4. HP: 32/36 MP: 0/0
  1069 | D:2      | XOM: cloud trail
  1615 | D:3      | XOM: summons 1 hostile demon
  1623 | D:3      | Reached skill level 1 in Spellcasting
  2254 | D:3      | Reached XP level 5. HP: 24/41 MP: 0/0
  2254 | D:3      | Learned a level 2 spell: Passwall
  2458 | D:3      | XOM: silly message
  2638 | D:3      | Noticed an ice beast
  2641 | D:3      | XOM: enchant monster (bad)
  2648 | D:3      | XOM: summons 5 friendly demons
  3083 | D:4      | Found a staircase to the Ecumenical Temple.
  3092 | Temple   | Entered the Ecumenical Temple
  3365 | D:4      | Noticed an ogre
  3367 | D:4      | XOM: silly message
  3373 | D:4      | XOM: silly message
  3375 | D:4      | Killed an ogre
  3376 | D:4      | Reached XP level 6. HP: 48/48 MP: 0/0
  3444 | D:4      | Found an iron altar of Okawaru.
  3904 | D:4      | XOM: draining
  4102 | D:5      | Entered Level 5 of the Dungeon
  4104 | D:5      | XOM: repel stairs
  4131 | D:5      | Noticed a black bear
  4133 | D:5      | XOM: noise
  4138 | D:5      | XOM: blink monster(s)
  4149 | D:5      | Reached skill level 1 in Shields
  4149 | D:5      | Reached XP level 7. HP: 22/51 MP: 0/0
  4149 | D:5      | Learned a level 3 spell: Dazzling Flash
  4152 | D:5      | Gained mutation: You evolve. [potion of mutation]
  4152 | D:5      | Gained mutation: A frigid envelope surrounds you and
                  | freezes all who hurt you. [potion of mutation]
  4159 | D:5      | HP: 2/53 [centaur/arrow (7)]
  4160 | D:5      | Found a white marble altar of Elyvilon.
  4160 | D:5      | Found a broken altar of Ashenzari.
  4160 | D:5      | Found a sacrificial altar of Ru.
  4160 | D:5      | Found a sparkling altar of Nemelex Xobeh.
  4165 | D:5      | Shot with an arrow by a centaur

Illustrated notes

Levels and vault maps discovered:
D:1:      minmay_arrival_solitary_statue, layout_rooms,
          shapermc_ecumenical_altar_mp_ritualfount
D:2:      layout_basic
D:3:      layout_basic
D:4:      layout_gridville, okawaru_metal_pillars_1_2,
          minmay_temple_entry_antechambers
D:5:      layout_rooms, grunt_temple_overflow_open, kennysheep_little_box,
          serial_shops, shop, lemuel_flame_loot_1
Temple:   pf_slime_end_temple

Skill      XL: |  1  2  3  4  5  6 |
---------------+-------------------+-----
Stealth        | 1 2 |  2.4
Dodging        | 3 4 |  4.4
Spellcasting   | 1 |  1.9
Fighting       | 4 |  4.7
Short Blades   | 3 |  3.3
Shields        | 1 |  1.5
Armour         | |  1.0

Action                   |  1- 3 |  4- 6 |  7- 9 || total
-------------------------+-------+-------+-------++-------
Melee: Short sword       |    16 |    45 |     2 ||    63
       Dagger            |    49 |   153 |       ||   202
Throw: Dart              |       |    16 |       ||    16
       Boomerang         |       |     3 |       ||     3
  Use: Scroll            |       |     1 |     2 ||     3
       Potion            |       |       |     4 ||     4
 Stab: Sleeping          |       |     2 |       ||     2
Armor: Leather armour    |    14 |    52 |     4 ||    70
Dodge: Dodged            |    33 |    74 |     6 ||   113
Block: Buckler           |       |    35 |     3 ||    38
       Reflection        |       |       |     1 ||     1

Table legend: (Time is in decaauts)
 A = Elapsed time spent in this place.
 B = Non-inter-level travel time spent in this place.
 C = Inter-level travel time spent in this place.
 D = Time resting spent in this place.
 E = Time spent auto-exploring this place.
 F = Levels seen in this place.
 G = Mean time per level.
                   A        B        C        D        E       F      G
               +--------+--------+--------+--------+--------+-----+--------+
         Total |   4139 |   4004 |    135 |    259 |   3114 |   6 |  689.8 |
       Dungeon |   4003 |   3881 |    122 |    259 |   2992 |   5 |  800.6 |
        Temple |    136 |    123 |     13 |      0 |    122 |   1 |  136.0 |
               +--------+--------+--------+--------+--------+-----+--------+

Top non-repeatable levels by time:
     D:3: 1435 daAuts
     D:2: 1004 daAuts
     D:4: 915 daAuts
     D:1: 588 daAuts
  Temple: 136 daAuts
     D:5: 59 daAuts
